 Dungeon Crawl Stone Soup version 0.23-a0-860-g8ff03fb (webtiles) character file.

784 MalarOregon the Summoner (level 7, -13/50 HPs)
             Began as a Merfolk Wizard on Jan 27, 2019.
             Killed by divine providence
             ... invoked by an orc priest
              (14 damage)
             ... on level 4 of the Dungeon.
             The game lasted 00:23:57 (7137 turns).

MalarOregon the Summoner (Merfolk Wizard)           Turns: 7137, Time: 00:23:58

Health: -13/50     AC:  2    Str:  7    XL:     7   Next: 86%
Magic:  0/11       EV: 13    Int: 19    God:
Gold:   334        SH:  0    Dex: 13    Spells: 2/12 levels left

rFire    . . .     SeeInvis .   a - staff of summoning
rCold    . . .     Gourm    .   (no shield)
rNeg     . . .     Faith    .   h - +0 robe
rPois    .         Spirit   .   c - +0 hat
rElec    .         Reflect  .   (no cloak)
rCorr    .         Harm     .   (no gloves)
MR       .....                  (no boots)
Stlth    ++........             (no amulet)
HPRegen  0.16/turn              s - ring of wizardry
MPRegen  0.12/turn              (no ring)

@: no status effects
A: change form in water, swift swim, stealthy swim
a: no special abilities


You were on level 4 of the Dungeon.
You were not hungry.

You visited 1 branch of the dungeon, and saw 5 of its levels.

You collected 334 gold pieces.

Inventory:

Hand Weapons
 b - a +3 short sword of speed
   (You took it off an orc on level 3 of the Dungeon)
Armour
 c - a +0 hat (worn)
 h - a +0 robe (worn)
Magical Staves
 a - an uncursed staff of summoning (weapon)
   (You found it on level 4 of the Dungeon)
Jewellery
 j - an uncursed ring of protection from cold {unknown}
   (You found it on level 4 of the Dungeon)
 l - an uncursed amulet of rage {unknown}
   (You found it on level 4 of the Dungeon)
 s - a ring of wizardry (left hand)
   (You found it on level 3 of the Dungeon)
 t - an uncursed ring of magical power {unknown}
   (You found it on level 5 of the Dungeon)
 y - an uncursed amulet of magic regeneration {unknown}
   (You found it on level 2 of the Dungeon)
Wands
 r - a wand of enslavement (9)
   (You found it on level 5 of the Dungeon)
 v - a wand of polymorph (11)
   (You found it on level 5 of the Dungeon)
Scrolls
 d - 2 scrolls of blinking
 f - 3 scrolls of identify {@r1}
 g - 5 scrolls of remove curse {@r2}
 k - a scroll of amnesia
 m - 2 scrolls of enchant armour {unknown}
 o - 2 scrolls of teleportation {@r4}
 x - a scroll of magic mapping {unknown}
Potions
 i - 2 potions of haste {@q3}
 n - 2 potions of cancellation {unknown}
 p - a potion of curing {@q1}
 q - a potion of lignification {unknown}
 u - a potion of brilliance {unknown}
 w - a potion of agility {unknown}
Comestibles
 e - 11 rations {!d}


   Skills:
 - Level 2.0 Fighting
 - Level 2.6 Dodging
 - Level 2.1 Stealth
 - Level 3.0 Spellcasting
 - Level 1.0 Conjurations
 + Level 8.2 Summonings
 - Level 0.7 Translocations


You had 2 spell levels left.
You knew the following spells:

 Your Spells              Type           Power        Failure   Level  Hunger
b - Blink                 Tloc           N/A          7%          2    ##.....
d - Conjure Flame         Conj/Fire      #.......     16%         3    ###....
f - Mephitic Cloud        Conj/Pois/Air  #.......     16%         3    ###....
x - Call Imp              Summ           ######..     1%          2    ##.....

Your spell library contained the following spells:

 Spells                   Type           Power        Failure   Level  Hunger
 Magic Dart               Conj           #...         4%          1    None
 Slow                     Hex            #.......     9%          2    ##.....


Dungeon Overview and Level Annotations

Branches:
Dungeon (5/15)
 Temple: D:4-7

Altars:
Dithmenos
Fedhas
Makhleb
Nemelex Xobeh
Qazlal
Zin
The Shining One
Beogh

Annotations:
D:3 1 runed translucent door


Message History

Your crimson imp misses the orc priest.
Your white imp closely misses the orc.
The orc closely misses your crimson imp.
The orc hits your white imp with a +0 war axe!
Your white imp dies!
The orc priest invokes the aid of Beogh against you.
Beogh smites you!
* * * LOW HITPOINT WARNING * * *
Your crimson imp blinks!
You feel a surge of power!
A shadowy apparition takes form in the air.
Your crimson imp completely misses the orc.
The orc priest mumbles some strange prayers to Beogh against you.
Pain shoots through your body!
* * * LOW HITPOINT WARNING * * *
You see here an orc corpse.
You swap places.
Your shadow imp misses the orc priest.
Your shadow imp misses the orc priest.
Your shadow imp hits the orc priest.
You start resting.
The orc priest is too close now for your liking.
You feel a surge of power!
A beastly little devil appears in a puff of frigid air.
The orc priest hits something.
What are your orders? t - Shout!
Orders for allies: a - Attack new target. r - Retreat! s - Stop attacking. g - Guard the area. f - Follow me.
Anything else - Cancel.
Gang up on whom?
Aim: an orc priest, wearing a +0 leather armour (heavily wounded) Attack!
The orc priest hits your shadow imp but does no damage.
Your crimson imp closely misses the orc priest.
Your shadow imp misses the orc priest.
The orc priest hits your shadow imp.
Your crimson imp blinks!
Your shadow imp closely misses the orc priest.
Your white imp hits the orc priest but does no damage.
The orc priest calls down the wrath of Beogh upon you.
Beogh smites you!
* * * LOW HITPOINT WARNING * * *
Your shadow imp hits the orc priest but does no damage.
Your shadow imp gestures at the orc priest.
The orc priest writhes in agony.
The orc priest mumbles some strange prayers to Beogh against you.
Beogh smites you!
You die...

...#....## ##.## .....######
#..# ##....>)..#######o##
#...((.....#......#
#..(...##...o5.####
.......##..55.##
#......##......###
#......#.........#
..........##....@##
.....##...##..[...#
.....##........#.##
......#...##.....## ###
..#...#...........#######.###
..#................#...#....#
#......###..)..........#....#
###....# ##.......#.........#
###...## #.)....###.......##


You could see an orc priest, a friendly crimson imp, a friendly white imp and a
friendly shadow imp.

Vanquished Creatures
  The ghost of Killmatronix the Cutter, an amateur HaSk of Okawaru (D:4)
  A hound (D:5)
  A worker ant (D:5)
  A worker ant zombie (D:5)
  3 adders
  An ooze (D:3)
  A worm (D:4)
  A dart slug (D:2)
  4 leopard geckos
  5 orcs
  9 bats
  5 giant cockroaches
  18 goblins
  5 hobgoblins
  3 jackals
  8 kobolds
  A quokka (D:4)
  5 frilled lizards
  11 rats
84 creatures vanquished.

Vanquished Creatures (collateral kills)
  A hippogriff (D:2)
  An ice beast (D:5)
  3 ogres
  A scorpion (D:4)
  A howler monkey (D:3)
  3 orc priests (D:4)
  2 orc wizards (D:4)
  3 worker ants
  Robin (D:4)
  2 adders
  A leopard gecko (D:2)
  12 orcs
  7 goblins
  4 hobgoblins
  7 jackals
  2 bats
  A frilled lizard (D:4)
  4 kobolds
  2 rats (D:3)
58 creatures vanquished.

Grand Total: 142 creatures vanquished

Notes
Turn   | Place    | Note
-------+----------+-------------------------------------------
     0 | D:1      | MalarOregon the Merfolk Wizard began the quest for the Orb.
     0 | D:1      | Reached XP level 1. HP: 13/13 MP: 4/4
    64 | D:1      | Reached skill level 1 in Fighting
   142 | D:1      | Reached XP level 2. HP: 22/22 MP: 3/6
   251 | D:1      | Learned a level 2 spell: Call Imp
   878 | D:1      | Reached XP level 3. HP: 27/27 MP: 5/7
   888 | D:1      | Reached skill level 2 in Summonings
   993 | D:1      | Learned a level 2 spell: Blink
   997 | D:1      | Learned a level 3 spell: Mephitic Cloud
  1039 | D:2      | Reached skill level 1 in Conjurations
  1275 | D:2      | Found a burning altar of Makhleb.
  1423 | D:2      | Noticed a hippogriff
  1424 | D:2      | Reached XP level 4. HP: 31/33 MP: 0/8
  1518 | D:3      | Reached skill level 3 in Summonings
  2151 | D:3      | Reached skill level 4 in Summonings
  2151 | D:3      | Reached XP level 5. HP: 29/38 MP: 3/9
  2490 | D:3      | Found a runed translucent door.
  2490 | D:3      | Noticed an angel
  2491 | D:3      | Found a glowing golden altar of the Shining One.
  2792 | D:4      | Learned a level 3 spell: Conjure Flame
  2798 | D:4      | Found a stormy altar of Qazlal.
  2802 | D:4      | Found a glowing silver altar of Zin.
  2816 | D:4      | Found a shadowy altar of Dithmenos.
  2828 | D:4      | Noticed an ogre
  2843 | D:5      | Entered Level 5 of the Dungeon
  3349 | D:4      | Reached skill level 5 in Summonings
  3468 | D:4      | Reached XP level 6. HP: 35/44 MP: 5/10
  3909 | D:4      | Noticed Robin
  3915 | D:4      | Reached skill level 6 in Summonings
  3932 | D:4      | Killed Robin
  4060 | D:4      | Found a sparkling altar of Nemelex Xobeh.
  4183 | D:4      | Found a blossoming altar of Fedhas.
  4218 | D:4      | Found a runed translucent gate.
  4218 | D:4      | Identified the +1 dagger "Sotizug" {antimagic, Int+4
                  | Stlth-}
  4219 | D:4      | Found a runed translucent gate.
  4220 | D:4      | Found a runed translucent gate.
  4221 | D:4      | Noticed Killmatronix's ghost (amateur HaSk)
  4226 | D:4      | Found a roughly hewn altar of Beogh.
  4880 | D:5      | Noticed an ice beast
  5048 | D:5      | Killed an ice beast
  5048 | D:5      | Reached XP level 7. HP: 18/50 MP: 1/11
  5218 | D:5      | Reached skill level 7 in Summonings
  5223 | D:5      | Found a burning altar of Makhleb.
  5869 | D:2      | Killed a hippogriff
  6947 | D:4      | Killed Killmatronix's ghost
  6947 | D:4      | Reached skill level 8 in Summonings
  7134 | D:4      | HP: 1/50 [orc priest/divine providence (16)]
  7137 | D:4      | Killed from afar by an orc priest

Vault maps used:
D:1:      sevenhm_arrival_forest_fort_small_4, st_stairs_9,
          minmay_misc_feat_more_columns
D:2:      cheibrodos_old_hovel, lemuel_coloured_pillars_altar
D:3:      corexii_shack, nrook_loot_triangle, lemuel_angel_altar
D:4:      kennysheep_goblin_castle, nicolae_dithmenos_the_darkroom, minitemple,
          kennysheep_mini, first_ration, biasface_ghost_orc_armoury
D:5:      cheibrodos_helix_gallery, basic_altar

Skill      XL: |  1  2  3  4  5  6  7 |
---------------+----------------------+-----
Fighting       | 1 2 |  2.0
Summonings     | 2 4 5 6 8 |  8.2
Conjurations   | 1 |  1.0
Dodging        | |  2.6
Stealth        | |  2.1
Spellcasting   | |  3.0
Translocations | |  0.7

Action                   |  1- 3 |  4- 6 |  7- 9 || total
-------------------------+-------+-------+-------++-------
Melee: Dagger            |    34 |    42 |       ||    76
       Falchion          |       |    38 |       ||    38
       Short sword       |       |    95 |    22 ||   117
       Staff             |       |    11 |    35 ||    46
 Cast: Magic Dart        |    75 |    16 |       ||    91
       Call Imp          |     3 |    57 |    39 ||    99
       Conjure Flame     |       |     2 |       ||     2
  Use: Potion            |     2 |     4 |       ||     6
       Scroll            |       |     8 |       ||     8
 Stab: Sleeping          |       |     1 |       ||     1
       Distracted        |       |     1 |       ||     1
  Eat: Chunk             |     1 |    13 |       ||    14
       Ration            |       |       |     3 ||     3
Armor: Robe              |     7 |    26 |     4 ||    37
Dodge: Dodged            |    31 |   144 |    45 ||   220
       Rpst.: Falchion   |       |    16 |       ||    16

Table legend:
 A = Non-vault XP
 B = Vault XP
 C = Vault XP percentage of total XP
 D = Non-vault monster count
 E = Vault monster count
 F = Vault count percentage of total count
                 A         B        C        D         E       F
            +---------+---------+-------+---------+---------+-------
      Total |     884 |     237 |  21.1 |     108 |      34 |  23.9
            +---------+---------+-------+---------+---------+-------
        D:1 |      37 |       3 |   7.5 |      25 |       2 |   7.4
        D:2 |     184 |       4 |   2.1 |      22 |       1 |   4.3
        D:3 |     112 |       1 |   0.9 |      33 |       1 |   2.9
        D:4 |     238 |     229 |  49.0 |      18 |      30 |  62.5
        D:5 |     313 |       0 |   0.0 |      10 |       0 |   0.0
            +---------+---------+-------+---------+---------+-------
